[Event "Vastgota Open 2022"]
[Site "Skara stadshotell, Jarnvagsgatan 5, Skara, Sweden"]
[Date "2022.10.29"]
[Round "5.8"]
[White "Johansson, Stefan"]
[Black "Kleimark, Anders"]
[Result "0-1"]
[TimeControl "30 minutes + 10 seconds per move from move one."]
[WhiteFideId "1733745"]
[BlackFideId "1709968"]
[WhiteElo "1946"]
[BlackElo "2048"]

1. e4 c5 2. Nc3 d6 3. g3 g6 4.
Bg2 Bg7 5. d3 Nc6 6. f4 e6 7. Nf3 Nge7 8. O-O O-O 9. a4 Rb8 10. Ne2 a6 11. c3 b5 12. Be3 bxa4 13. Qd2 Qb6 14.
Rfb1 Qb5 15. d4 Na5 16. Qc2 Nb3 17. Ra2 Bd7 18. dxc5 Nxc5 19. Ned4 Qb7 20. e5 d5 21. Bf1 Rfc8 22.
Qd2 Ne4 23. Qe1 Nxc3 24. Raa1 Nxb1 25. Rxb1 a3 26. b3 Nc6 27. Nxc6 Bxc6 28. Qa5 Bb5 29. Qxa3 Bxf1 30. Kxf1 d4 31. Nxd4 Qh1+ 32. Bg1 Rd8 33. Ne2 Rd2 34. Qa5 Qf3+ 0-1

[Event "Vastgota Open 2022"]
[Site "Skara stadshotell, Jarnvagsgatan 5, Skara, Sweden"]
[Date "2022.10.29"]
[Round "5.9"]
[White "Danielsson, Fredrik"]
[Black "Wengholm, Anders"]
[Result "0-1"]
[TimeControl "30 minutes + 10 seconds per move from move one."]
[WhiteFideId "1729993"]
[BlackFideId "1704818"]
[WhiteElo "2082"]
[BlackElo "2179"]

1. e4 c5 2. Nc3 Nc6 3. Bb5 Nd4 4. Nf3 a6 5. Bd3 d6 6. Nxd4 cxd4 7. Ne2 Qb6 8. c3 dxc3 9. dxc3 e6 10. O-O Nf6 11. Nd4 Qc7 12.
f4 g6 13. f5 gxf5 14. exf5 e5 15. Bg5 Be7 16. Qe2 Rg8 17. Bxf6 Bxf6 18. c4 Qc5 19. Rf4 Kf8 20. b4 Qa7 21.
Qh5 exf4 22. Qh6+ Ke7 23. Re1+ Be6 24. c5 Bxd4+ 25. Kh1 Be5 26. cxd6+ Kxd6 27. fxe6 fxe6 28. Bc4 Rg6 29. Rd1+ Bd4 30.
Qxf4+ e5 31. Qf7 Qb6 32. Rf1 Qc6 33. Rf6+ Rxf6 34. Qxf6+ Kc7 35. Qf7+ Kb6 36. h3 Rc8 37. Bd5 Qc1+ 38. Kh2 Qf4+ 0-1

[Event "Vastgota Open 2022"]
[Site "Skara stadshotell, Jarnvagsgatan 5, Skara, Sweden"]
[Date "2022.10.29"]
[Round "5.10"]
[White "Bailly, Thierry"]
[Black "Johnson, Daniel"]
[Result "0-1"]
[TimeControl "30 minutes + 10 seconds per move from move one."]
[WhiteFideId "26051680"]
[BlackFideId "1721283"]
[WhiteElo "1931"]
[BlackElo "2155"]

1. e4 e5 2. Nf3 Nc6 3. Bc4 Nf6 4. d3 h6 5. c3 d6 6. a4 g5 7. h3 Bg7 8. Nbd2 O-O 9. Nf1 Ne7 10. Ng3 c6 11. Ba2 Be6 12. Be3 Ng6 13. Bxe6 fxe6 14.
Qb3 Qd7 15. Nf5 Nh5 16. O-O-O d5 17. Nxg7 Qxg7 18. Kb1 Nhf4 19. Ne1 Kh8 20. g3 Nh5 21. exd5 exd5 22. d4 e4 23. Ng2 Kh7 24.
Rdf1 Qf7 25. Qd1 Qf3 26. Qxf3 Rxf3 27. Ne1 Rf7 28. Rfg1 Raf8 29. Ng2 Kg7 30. h4 g4 31. Kc2 Rxf2+ 32. Bxf2 Rxf2+ 33. Kb3 Nxg3 34. Ne3 Nxh1 35. Nxg4 Rf3 36. Rxh1 h5 37. Ne5 Nxe5 38. dxe5 e3 39. Kc2 e2 40.
Re1 Re3 41. Kd2 Rxe5 42. b4 Kf6 43.
a5 Kf5 44. Kd3 Kf4 45. Kd4 Re4+ 46. Kc5 Kf3 47. Kd6 Kf2 48. Rh1 e1=Q 49. Rxe1 Kxe1 50. Kc7 d4 51. cxd4 Rxd4 52.
Kxb7 Rxb4+ 53. Kxc6 Rxh4 0-1

[Event "Vastgota Open 2022"]
[Site "Skara stadshotell, Jarnvagsgatan 5, Skara, Sweden"]
[Date "2022.10.30"]
[Round "6.1"]
[White "Blomqvist, Erik"]
[Black "Cramling, Pia"]
[Result "1-0"]
[TimeControl "30 minutes + 10 seconds per move from move one."]
[WhiteTitle "GM"]
[BlackTitle "GM"]
[WhiteFideId "1709437"]
[BlackFideId "1700030"]
[WhiteElo "2490"]
[BlackElo "2421"]

1. d4 Nf6 2. Bf4 b6 3. Nc3 e6 4. e4 Bb4 5. f3 O-O 6. Qd2 d5 7. e5 Nfd7 8. Bg5 Be7 9. Bxe7 Qxe7 10.
f4 Ba6 11. Bxa6 Nxa6 12. Nf3 c5 13. Nb5 f6 14. c3 fxe5 15. fxe5 Ndb8 16. O-O Nc6 17. Nd6 Nc7 18. Ng5 cxd4 19.
cxd4 Nxd4 20. Nxh7 Rxf1+ 21. Rxf1 Nf5 22. Ng5 Rf8 23. Qf4 d4 24. Nxe6 Nxe6 25. Nxf5 Qc5 26. Qg4 d3+ 27. Kh1 d2 28. h3 a5 29. Rd1 Qxe5 30.
Ne7+ Kf7 31. Ng6 Qe1+ 32. Kh2 Re8 33. Qh5 Kf6 34. Nh4 Ke7 35.
Ng6+ Kf6 36. Nh4 Ke7 37.
Nf5+ Kf6 38. Nd6 Rf8 39. Rxd2 Qe5+ 40. Qxe5+ Kxe5 41. Nc4+ Ke4 42. Re2+ Kd4 43. Rxe6 Kxc4 44. Rxb6 Rf7 45. a4 1-0

[Event "Vastgota Open 2022"]
[Site "Skara stadshotell, Jarnvagsgatan 5, Skara, Sweden"]
[Date "2022.10.30"]
[Round "6.2"]
[White "Johansson, Ulf"]
[Black "Golubka, Petro"]
[Result "0-1"]
[TimeControl "30 minutes + 10 seconds per move from move one."]
[BlackTitle "GM"]
[WhiteFideId "1701380"]
[BlackFideId "14114224"]
[WhiteElo "2183"]
[BlackElo "2335"]

1. Nf3 g6 2. g3 Bg7 3. d4 Nf6 4. Bg2 O-O 5. O-O d6 6. Nc3 d5 7. Ne5 Bf5 8. h3 c6 9. a4 a5 10.
g4 Bc8 11. f4 Nbd7 12. Qe1 Ne8 13. e4 dxe4 14. Nxe4 Ndf6 15. Ng5 Qxd4+ 16. Be3 Qd8 17. Rd1 Qc7 18. Qf2 Nd6 19. c4 h6 20.
c5 hxg5 21. cxd6 exd6 22. fxg5 Nd5 23. Bxd5 Bxe5 24. Be4 Be6 25. Qc2 Kg7 26. Bf4 Bxf4 27. Rxf4 d5 28. Qc3+ Kg8 0-1

[Event "Vastgota Open 2022"]
[Site "Skara stadshotell, Jarnvagsgatan 5, Skara, Sweden"]
[Date "2022.10.30"]
[Round "6.3"]
[White "Eklund, Lars-Goran"]
[Black "Nilsson, Patrik"]
[Result "1/2-1/2"]
[TimeControl "30 minutes + 10 seconds per move from move one."]
[WhiteTitle "FM"]
[WhiteFideId "1701010"]
[BlackFideId "1708171"]
[WhiteElo "2176"]
[BlackElo "2085"]

1. Nf3 f5 2. e4 fxe4 3. Ng5 d5 4. d3 Qd6 5.
dxe4 h6 6. Qh5+ g6 7. Qh4 Qe5 8. Nf3 Qxe4+ 9.
Qxe4 dxe4 10. Ne5 g5 11. Ng6 Rh7 12. Nxf8 Kxf8 13. h4 g4 14. Bf4 c6 15. Nc3 Bf5 16. O-O-O Ke8 17. g3 Nf6 18.
Bg2 Nbd7 19. Rhe1 Nc5 20. b4 Ne6 21. Be3 a5 22. a3 axb4 23. axb4 Ra1+ 24. Kb2 Rxd1 25. Rxd1 Nc7 26. Bd4 Ncd5 27.
Bxf6 Nxf6 28. Re1 Rf7 29. Nxe4 Nxe4 30. Bxe4 Bxe4 31. Rxe4 h5 32. Re2 Rf3 33. Kc1 Kf7 34. b5 cxb5 35. Re5 Rxf2 36. Rxh5 Rf3 37. Rxb5 Rxg3 38. Kd2 Rh3 39. h5 g3 40.
Rg5 Kf6 41. Rg6+ Kf5 42. Ke3 g2+ 43.
Kf2 Rc3 44. Kxg2 Rxc2+ 45. Kf3 Rc3+ 46. Ke2 Rc6 47. Rg7 Kf6 48. Rg8 Kf7 49. Rg5 b6 50. Kd3 Rf6 51. Kc4 e6 52. Rb5 Rf5 53.
Rxb6 Rxh5 54. Kd4 Kf6 55. Ke4 Rh4+ 56. Ke3 Ra4 57. Rb5 e5 58. Rb8 Kf5 1/2-1/2

[Event "Vastgota Open 2022"]
[Site "Skara stadshotell, Jarnvagsgatan 5, Skara, Sweden"]
[Date "2022.10.30"]
[Round "6.4"]
[White "Kleimark, Anders"]
[Black "Madebrink, Lars"]
[Result "0-1"]
[TimeControl "30 minutes + 10 seconds per move from move one."]
[WhiteFideId "1709968"]
[BlackFideId "1701347"]
[WhiteElo "2048"]
[BlackElo "2094"]

1. d4 Nf6 2. c4 g6 3. Nf3 Bg7 4. Nc3 O-O 5. g3 d6 6.
Bg2 Nbd7 7. O-O c6 8. e4 e5 9. h3 a5 10. Re1 Re8 11. b3 exd4 12. Nxd4 Nc5 13. Bb2 a4 14. b4 a3 15.
Bc1 Ne6 16. Be3 Nd7 17. Rc1 Ne5 18. Nce2 Nxd4 19. Nxd4 Qe7 20. f4 Nd7 21. Qd2 Bf8 22. b5 c5 23. Ne2 Nb6 24. Qd3 Be6 25.
Bf2 Ra4 26. Nc3 Bxc4 27. Qc2 Rb4 28. Nd5 Nxd5 29. exd5 Qd7 30. Rxe8 Qxe8 31. Be1 Qe3+ 32. Kh2 Bd3 33. Qd1 Rb2 34. Rc3 c4 35. Rxa3 Qc5 36.
Ra8 Be4 37. Bd2 Qd4 38. Qe1 Rxd2 0-1

[Event "Vastgota Open 2022"]
[Site "Skara stadshotell, Jarnvagsgatan 5, Skara, Sweden"]
[Date "2022.10.30"]
[Round "6.5"]
[White "Wengholm, Anders"]
[Black "Thyberg, Andre"]
[Result "0-1"]
[TimeControl "30 minutes + 10 seconds per move from move one."]
[WhiteFideId "1704818"]
[BlackFideId "1764764"]
[WhiteElo "2179"]
[BlackElo "1632"]

1. Nf3 Nf6 2. c4 c5 3. Nc3 d5 4.
cxd5 Nxd5 5. d4 g6 6. dxc5 Nxc3 7. Qxd8+ Kxd8 8. bxc3 f6 9. Nd4 e5 10. Nb3 a5 11. Be3 Be6 12. g3 Nd7 13. Bg2 Kc7 14. f4 a4 15. Nd2 Bxc5 16.
Bxc5 Nxc5 17. fxe5 fxe5 18. Nf3 Bd5 19. O-O Bxf3 20. exf3 Rad8 21. Rfe1 Rhe8 22. Bf1 Rd2 23. Bb5 Re6 24.
Re3 Rb6 25. Bf1 Kd6 26. Rae1 Rbb2 27. Rxe5 Rxh2 28. f4 Rxa2 29. Rd1+ Rhd2 30. Rde1 Rac2 31. Re8 Rxc3 32. Rd8+ Nd7 0-1

[Event "Vastgota Open 2022"]
[Site "Skara stadshotell, Jarnvagsgatan 5, Skara, Sweden"]
[Date "2022.10.30"]
[Round "6.6"]
[White "Johnson, Daniel"]
[Black "Bengtsson, Jessica"]
[Result "0-1"]
[TimeControl "30 minutes + 10 seconds per move from move one."]
[BlackTitle "WFM"]
[WhiteFideId "1721283"]
[BlackFideId "1711083"]
[WhiteElo "2155"]
[BlackElo "2003"]

1. d4 Nf6 2. Nc3 d5 3. Bf4 Bf5 4. e3 e6 5. f3 Bd6 6. Bxd6 Qxd6 7. g4 Bg6 8. Qd2 a6 9. O-O-O Nc6 10.
h4 h6 11. Nh3 Nb4 12. a3 Nxc2 13. Bd3 Na1 14. Kb1 Nb3 15. Qc2 Bxd3 16. Qxd3 Na5 17. g5 Nd7 18. g6 f6 19. e4 O-O-O 20. exd5 exd5 21. Qf5 c6 22. Rhe1 Rde8 23. Nf4 Re7 24. Nfxd5 cxd5 25. Nxd5 Rxe1 26. Rxe1 Kb8 27. Re6 Qg3 28.
Re7 Rd8 29. Rxd7 Rxd7 30. Qxd7 Ka7 31. Qxg7 Qe1+ 32. Ka2 Qe6 33. Qf7 Qc6 34. Nb4 Qc2 35. g7 Nc4 36. Nd3 Nd2 37. a4 Qxa4# 0-1

[Event "Vastgota Open 2022"]
[Site "Skara stadshotell, Jarnvagsgatan 5, Skara, Sweden"]
[Date "2022.10.30"]
[Round "6.7"]
[White "Aroven, Mikael"]
[Black "Lind, Jan-Olov"]
[Result "1/2-1/2"]
[TimeControl "30 minutes + 10 seconds per move from move one."]
[WhiteFideId "1709534"]
[BlackFideId "1701193"]
[WhiteElo "2089"]
[BlackElo "2123"]

1. c4 Nf6 2. g3 g6 3. Bg2 Bg7 4. Nc3 O-O 5. d3 d6 6. Nf3 Nc6 7. O-O e5 8.
h3 Nh5 9. Nd5 h6 10. e4 Ne7 11. d4 c6 12. Nxe7+ Qxe7 13. dxe5 dxe5 14. Qc2 Nf6 15. c5 Nd7 16. Be3 a5 17.
Rac1 Nb8 18. Rfd1 Na6 19. Qd2 Kh7 20. Qxa5 Nc7 21. Qd2 Rxa2 22. Bf1 Be6 23. Bc4 Bxc4 24. Rxc4 Nb5 25. Rc2 Ra4 26.
Qd7 Re8 27. Qxe7 Rxe7 28. Nd2 Rd7 29.
Re1 Nd4 30. Bxd4 Raxd4 31. Nc4 h5 32. h4 f6 33. Kg2 Bf8 34. b4 Rd3 35. Rb1 Rd1 36. Rxd1 Rxd1 37. Na5 Rd7 38. Kf3 Kg7 39. Ke3 Kf7 40. Rc3 Be7 41.
Rd3 Rc7 42. Nc4 Ke6 43. Rd1 Rd7 44. Rxd7 Kxd7 45. Kd3 b5 46. Ne3 Ke6 47. Ng2 Bd8 48. Ke3 Be7 49. f3 Bd8 50. Ne1 Be7 51.
Nd3 g5 52. Kf2 gxh4 53. gxh4 f5 54. Kg3 f4+ 55. Kh3 Bf6 1/2-1/2

[Event "Vastgota Open 2022"]
[Site "Skara stadshotell, Jarnvagsgatan 5, Skara, Sweden"]
[Date "2022.10.30"]
[Round "6.8"]
[White "Bellon Lopez, Juan Manuel"]
[Black "Magnussen, Pal"]
[Result "1/2-1/2"]
[TimeControl "30 minutes + 10 seconds per move from move one."]
[WhiteTitle "GM"]
[WhiteFideId "2200031"]
[BlackFideId "1711814"]
[WhiteElo "2347"]
[BlackElo "1861"]

1. d4 c5 2. e3 Nf6 3. Nf3 e6 4.
Bd3 d5 5. c3 Be7 6. O-O O-O 7.
Ne5 Nc6 8. f4 Ne4 9. Nxc6 bxc6 10. Qa4 Qb6 11. Bxe4 dxe4 12. dxc5 Bxc5 13. Qxe4 Ba6 14. Re1 Rad8 15. b4 Be7 16.
Qc2 c5 17. bxc5 Bxc5 18. Qb3 Qc6 19. Ba3 Rb8 20. Bb4 Bc4 21. Qa3 Bxb4 22. cxb4 Bd5 23. Qc3 Qb7 24. Re2 Qxb4 25. Qxb4 Rxb4 26. Nc3 Bc4 27. Rd2 Rb7 28.
Rc1 h6 29. Ne4 Bd5 30. Nc5 Rc7 31. Rdc2 Rfc8 32. a4 Bb3 33. Rc3 a5 34. e4 f5 35. e5 Bd5 36. Kf2 Rb8 37. R1c2 Rb1 38.
g3 Rh1 39. Ke3 Rc8 40. h4 Rg1 41. Kd2 Rb8 42. Nd7 Rg2+ 43. Kc1 Rg1+ 44. Kd2 Rg2+ 45. Kc1 Rg1+ 46. Kd2 1/2-1/2

[Event "Vastgota Open 2022"]
[Site "Skara stadshotell, Jarnvagsgatan 5, Skara, Sweden"]
[Date "2022.10.30"]
[Round "6.9"]
[White "Ronneland, Daniel"]
[Black "Stolt, Hans-Olof"]
[Result "1-0"]
[TimeControl "30 minutes + 10 seconds per move from move one."]
[WhiteFideId "1702130"]
[BlackFideId "1720368"]
[WhiteElo "2206"]
[BlackElo "1838"]

1. d4 d6 2. c4 Nf6 3. Nc3 g6 4.
e4 Bg7 5. Be2 O-O 6. h4 e5 7. d5 Ne8 8. h5 g5 9. h6 Bf6 10. Be3 Kh8 11. Qd2 Be7 12. Nf3 Rg8 13. Rh5 f6 14.
O-O-O Rg6 15. Rdh1 Nd7 16. Nh2 Nb6 17. Nf1 c6 18. Ng3 Bf8 19. Nf5 Qc7 20. Kb1 Nd7 21. g3 Nc5 22. f4 Nxe4 23.
Nxe4 Bxf5 24. Bd3 Bg4 25. R5h2 Be7 26.
fxg5 f5 27. Nf2 Bf3 28. Bxf5 Bg4 29. Bd3 1-0

[Event "Vastgota Open 2022"]
[Site "Skara stadshotell, Jarnvagsgatan 5, Skara, Sweden"]
[Date "2022.10.30"]
[Round "6.10"]
[White "Bjorklund, Thomas"]
[Black "Wiman, Kenneth"]
[Result "1-0"]
[TimeControl "30 minutes + 10 seconds per move from move one."]
[WhiteFideId "1724576"]
[BlackFideId "1707442"]
[WhiteElo "2122"]
[BlackElo "1820"]

1. e4 c6 2. d4 d5 3. exd5 cxd5 4.
Bd3 g6 5. Nf3 Nh6 6. c3 Bg7 7. Na3 O-O 8. O-O Nc6 9. Re1 Nf5 10. Nc2 a6 11. a4 Qc7 12. Ne3 Nxe3 13. Bxe3 Bg4 14.
h3 Bxf3 15. Qxf3 e6 16. Bf4 Qd7 17. h4 Rac8 18. h5 Rfe8 19. Qh3 Qd8 20. Re2 Na5 21. Rae1 Nc4 22. g4 b5 23. axb5 axb5 24.
hxg6 hxg6 25. Kg2 Qf6 26. Bg3 Ra8 27. Bxc4 bxc4 28. Rh1 g5 29. Be5 Qg6 30. Qh8+ 1-0

[Event "Vastgota Open 2022"]
[Site "Skara stadshotell, Jarnvagsgatan 5, Skara, Sweden"]
[Date "2022.10.30"]
[Round "7.1"]
[White "Madebrink, Lars"]
[Black "Blomqvist, Erik"]
[Result "0-1"]
[TimeControl "30 minutes + 10 seconds per move from move one."]
[BlackTitle "GM"]
[WhiteFideId "1701347"]
[BlackFideId "1709437"]
[WhiteElo "2094"]
[BlackElo "2490"]

1. d4 Nf6 2. c4 e6 3. Nc3 Bb4 4. f3 d5 5. a3 Be7 6.
e4 dxc4 7. Bxc4 c5 8. d5 O-O 9. Nge2 exd5 10. Nxd5 Nxd5 11. Bxd5 Nd7 12. O-O Nb6 13. Ba2 c4 14. Be3 Qc7 15.
Kh1 Be6 16. Nd4 Bc5 17. Nxe6 fxe6 18. Qe2 Bxe3 19. Qxe3 Qe5 20. Rac1 Rac8 21. Rc3 Rfd8 22. f4 Qd4 23. Qf3 Qd2 24.
f5 Rf8 25. Rf2 Qd4 26. Rcc2 Qe5 27. h3 Rc6 28. Rcd2 Na4 29. Rd7 Nc5 30. Rd1 Nxe4 0-1

[Event "Vastgota Open 2022"]
[Site "Skara stadshotell, Jarnvagsgatan 5, Skara, Sweden"]
[Date "2022.10.30"]
[Round "7.2"]
[White "Golubka, Petro"]
[Black "Thyberg, Andre"]
[Result "1-0"]
[TimeControl "30 minutes + 10 seconds per move from move one."]
[WhiteTitle "GM"]
[WhiteFideId "14114224"]
[BlackFideId "1764764"]
[WhiteElo "2335"]
[BlackElo "1632"]

1. d4 Nf6 2. Nc3 d5 3. Bg5 c6 4. Qd2 Bf5 5. f3 e6 6. e4 dxe4 7. fxe4 Nxe4 8. Nxe4 f6 9. Bxf6 gxf6 10.
Ng3 Bg6 11. Bc4 Qd6 12. Qe2 e5 13. Nf3 Nd7 14. O-O-O Qc7 15. dxe5 O-O-O 16. e6 Bh6+ 17. Kb1 Nb6 18. Nh4 Rhe8 19.
Rxd8+ Qxd8 20. Ngf5 Bg5 21.
Nxg6 hxg6 22. e7 Qc7 23. Bf7 gxf5 24. Bxe8 Nd5 25. Bd7+ 1-0

[Event "Vastgota Open 2022"]
[Site "Skara stadshotell, Jarnvagsgatan 5, Skara, Sweden"]
[Date "2022.10.30"]
[Round "7.3"]
[White "Cramling, Pia"]
[Black "Nilsson, Patrik"]
[Result "1-0"]
[TimeControl "30 minutes + 10 seconds per move from move one."]
[WhiteTitle "GM"]
[WhiteFideId "1700030"]
[BlackFideId "1708171"]
[WhiteElo "2421"]
[BlackElo "2085"]

1. d4 f5 2. g3 Nf6 3. Bg2 g6 4. b3 Bg7 5. Bb2 O-O 6. Nd2 d6 7. Ngf3 Nc6 8. O-O Ne4 9. Ne1 Ng5 10. f4 Nf7 11. Nc4 e6 12. e3 Qe8 13. Nd3 Bd7 14.
a4 a6 15. a5 d5 16. Nce5 Nfxe5 17. fxe5 Nd8 18. c4 dxc4 19. bxc4 Bc6 20. Qe2 b5 21. axb6 cxb6 22. Nb4 a5 23. Nxc6 Nxc6 24. Ba3 Rf7 25.
Rfb1 Rb8 26. Bd6 Rbb7 27. Rb5 Bf8 28. Bxf8 Kxf8 29. Qb2 Nb4 30. Bxb7 Rxb7 31. Raxa5 bxa5 32. Rxb7 Qc6 33. Rb8+ Kg7 34.
Qg2 Qxc4 35. Qb7+ Kh6 36. Rh8 1-0

[Event "Vastgota Open 2022"]
[Site "Skara stadshotell, Jarnvagsgatan 5, Skara, Sweden"]
[Date "2022.10.30"]
[Round "7.4"]
[White "Bengtsson, Jessica"]
[Black "Eklund, Lars-Goran"]
[Result "0-1"]
[TimeControl "30 minutes + 10 seconds per move from move one."]
[WhiteTitle "WFM"]
[BlackTitle "FM"]
[WhiteFideId "1711083"]
[BlackFideId "1701010"]
[WhiteElo "2003"]
[BlackElo "2176"]

1. e4 Nc6 2. d4 d5 3. Nc3 dxe4 4. d5 Nb8 5. Nxe4 c6 6. Bc4 cxd5 7. Qxd5 Qxd5 8. Bxd5 e6 9. Bc4 Nf6 10.
Nxf6+ gxf6 11. Nf3 Nc6 12. Be3 e5 13. O-O-O Be6 14. Bxe6 fxe6 15. a3 Rg8 16. g3 b6 17. Kb1 Rd8 18.
Rxd8+ Kxd8 19. Rd1+ Kc7 20. Nd2 Be7 21. Nb3 f5 22. Nd2 Rd8 23. c3 e4 24. Kc2 Ne5 25. Bf4 Bd6 26. h3 Nd3 27. Bxd6+ Rxd6 28. Rf1 Nxf2 29. Nc4 Rc6 30. Rxf2 Rxc4 31. Kd2 h5 32. Ke3 Kd6 33. Kf4 h4 34.
Rd2+ Ke7 35. gxh4 e3+ 36. Kxe3 Rxh4 37. Rh2 e5 38. Kf3 Kf6 39.
Kg3 Kg5 40. Rd2 f4+ 41. Kg2 Rh7 42. c4 Kf5 43. b4 Rc7 44. Rc2 e4 45. a4 f3+ 46. Kf2 Kf4 47. Rc3 Rg7 48. c5 e3+ 49. Kf1 e2+ 50. Kf2 Rg2+ 51. Ke1 Rg1+ 0-1

[Event "Vastgota Open 2022"]
[Site "Skara stadshotell, Jarnvagsgatan 5, Skara, Sweden"]
[Date "2022.10.30"]
[Round "7.5"]
[White "Aroven, Mikael"]
[Black "Ronneland, Daniel"]
[Result "1-0"]
[TimeControl "30 minutes + 10 seconds per move from move one."]
[WhiteFideId "1709534"]
[BlackFideId "1702130"]
[WhiteElo "2089"]
[BlackElo "2206"]

1. c4 Nf6 2. g3 e5 3. Bg2 Nc6 4. Nc3 d6 5. Nf3 g6 6. d4 exd4 7. Nxd4 Bd7 8. O-O Bg7 9. b3 O-O 10.
Bb2 Re8 11. Nxc6 Bxc6 12. Nd5 Nxd5 13. Bxg7 Kxg7 14. cxd5 Bb5 15. Re1 Qf6 16. Rc1 Re7 17. Qd2 Rae8 18. e3 b6 19. Rc2 h5 20.
h4 g5 21. hxg5 Qxg5 22. Qd4+ Qf6 23. Rd1 Rh8 24. Qxf6+ Kxf6 25. Rd4 Kg5 26. Rh4 f5 27. Rd2 a5 28. a4 Ba6 29. Bf3 Rhh7 30.
Kg2 Bb7 31. Kf1 Ba6+ 32. Ke1 Rh8 33. Rd1 b5 34. Be2 Re4 35. Rd4 Bb7 36. Bxb5 Rxh4 37. gxh4+ Kf6 38. Be2 Ke5 39. Bf3 Ba6 40.
b4 axb4 41. Rxb4 Bd3 42. Rb7 Be4 43. Bxe4 fxe4 44. Rxc7 Kxd5 45. Kf1 Ke5 46. Rg7 Ra8 47. a5 Ke6 48. Rg5 d5 49. a6 Kd6 50.
Rxh5 Kc5 51. Rh6 d4 52. exd4+ Kxd4 53. Ke2 Ke5 54. Rh5+ Kf4 55. Ra5 Kg4 56. h5 1-0

[Event "Vastgota Open 2022"]
[Site "Skara stadshotell, Jarnvagsgatan 5, Skara, Sweden"]
[Date "2022.10.30"]
[Round "7.6"]
[White "Ryefalk, Lucas"]
[Black "Johansson, Ulf"]
[Result "1/2-1/2"]
[TimeControl "30 minutes + 10 seconds per move from move one."]
[WhiteFideId "1769243"]
[BlackFideId "1701380"]
[WhiteElo "1545"]
[BlackElo "2183"]

1. e4 g6 2. d4 Bg7 3. Nc3 c6 4. Nf3 Nf6 5. Bd3 d6 6. O-O O-O 7. h3 Qc7 8. Be3 Nbd7 9. Qd2 Re8 10.
Rad1 b5 11. Bh6 Bh8 12. Rfe1 e5 13. d5 b4 14. Nb1 cxd5 15. Qxb4 dxe4 16. Bxe4 Nxe4 17. Qxe4 Bb7 18. Qb4 d5 19.
Nc3 d4 20. Nb5 Qb6 21. c3 a5 22. Qb3 Nc5 23. Qc4 Bxf3 24. gxf3 Ne6 25. a4 Rac8 26. Qd3 Red8 27. cxd4 Nxd4 28.
Qe3 Qc6 29. Nxd4 exd4 30. Qe7 Bf6 31. Qa3 Qd5 32. Re4 Re8 33. Qd3 Rxe4 34. fxe4 Qh5 35. Bf4 Qc5 36. e5 Bxe5 37. Bxe5 Qxe5 38. Qxd4 Qg5+ 39. Qg4 Qxg4+ 40. hxg4 Rc4 41. f3 Rxa4 42.
Rd8+ Kg7 43. Ra8 Ra2 44. b4 a4 45. b5 a3 46.
b6 Rb2 47. Rxa3 Rxb6 48. Kg2 Kf6 49.
Ra5 Re6 50. Kg3 h6 51. Rb5 Re5 52. Rb6+ Kg7 53. Ra6 Rb5 54. Rc6 Rg5 55. Ra6 h5 56. Kh4 Rb5 57. gxh5 Rxh5+ 58. Kg4 Rb5 59.
Ra7 Re5 60. Ra6 Re6 61. Ra5 Kf6 62. Rb5 Ra6 63. Rc5 Ra4+ 64. f4 Ra3 65. Rb5 Kg7 66. Rb7 Ra5 67. Rc7 Ra1 68. Rb7 Rg1+ 69. Kf3 g5 70. fxg5 Rxg5 71.
Kf4 Ra5 72. Rb6 f6 73. Rb7+ Kg6 74. Rb4 Rh5 75. Rb6 Rh4+ 76. Kg3 Ra4 77. Rb5 f5 78. Rc5 Kg5 79. Rc3 Rh4 80. Rc5 Re4 81. Rc3 Ra4 82. Rb3 Ra1 83.
Rb4 Ra3+ 84. Kf2 f4 85. Rb8 Ra2+ 86. Kf3 Ra3+ 87. Kf2 Ra5 88. Kf3 Ra3+ 89. Kf2 Rh3 90. Kg2 Rg3+ 91. Kf2 Kf5 92.
Rf8+ Ke4 93. Re8+ Kf5 1/2-1/2

[Event "Vastgota Open 2022"]
[Site "Skara stadshotell, Jarnvagsgatan 5, Skara, Sweden"]
[Date "2022.10.30"]
[Round "7.7"]
[White "Lind, Jan-Olov"]
[Black "Kleimark, Anders"]
[Result "0-1"]
[TimeControl "30 minutes + 10 seconds per move from move one."]
[WhiteFideId "1701193"]
[BlackFideId "1709968"]
[WhiteElo "2123"]
[BlackElo "2048"]

1. e4 c5 2. Nf3 d6 3. d4 cxd4 4. Nxd4 Nf6 5. Nc3 Nc6 6. Bc4 Qb6 7. Nxc6 bxc6 8. O-O g6 9. e5 dxe5 10.
Qe2 Bg7 11. Qxe5 O-O 12. Qxe7 Bf5 13. Bb3 Rae8 14. Qd6 Ng4 15. Bf4 Bd4 16. Bg3 Rd8 17. Qc7 Qc5 18. Na4 Qb5 19. c4 Qb4 20.
h3 Rd7 21. Qxc6 Nf6 22. Qb5 Qd2 23. Rad1 Qg5 24. Rxd4 Rxd4 25. c5 Bd3 26. Qc6 Bxf1 27. Kxf1 Qc1+ 28. Ke2 Ne4 29. Kf3 0-1

[Event "Vastgota Open 2022"]
[Site "Skara stadshotell, Jarnvagsgatan 5, Skara, Sweden"]
[Date "2022.10.30"]
[Round "7.8"]
[White "Bengtsson, Siv"]
[Black "Bjorklund, Thomas"]
[Result "1/2-1/2"]
[TimeControl "30 minutes + 10 seconds per move from move one."]
[WhiteFideId "1701673"]
[BlackFideId "1724576"]
[WhiteElo "1952"]
[BlackElo "2122"]

1. e4 e5 2. Nf3 Nc6 3. Bb5 d6 4. O-O Nf6 5. d3 Be7 6. c3 O-O 7. Nbd2 a6 8. Ba4 Bg4 9. Re1 Rb8 10.
Nf1 b5 11. Bc2 Na5 12. Ne3 Bh5 13. Nf5 c5 14. Qd2 Bg6 15. Nxe7+ Qxe7 16. Nh4 Nc6 17. Nxg6 hxg6 18. Qe2 Rfe8 19.
Bg5 Qe6 20. Bb3 Qg4 21. Qxg4 Nxg4 22. Re2 Nf6 23. f4 Nh7 24. Rf1 Nxg5 25. fxg5 Re7 26. Bd5 Nd8 27. Ref2 Kf8 28. h4 Ke8 29.
g4 Rc8 30. Kg2 Rcc7 31. Kg3 Ne6 32. Bxe6 Rxe6 33. h5 gxh5 34. gxh5 c4 35. dxc4 bxc4 36. Rh1 Kf8 37. g6 Kg8 38.
gxf7+ Rxf7 39. Rxf7 Kxf7 40. Rd1 Rf6 41. Rd5 Ke6 42.
Ra5 Rf4 43. Rxa6 Rxe4 44. a4 Re2 45. Rb6 Re1 46. a5 Ra1 47. a6 Kd5 48. Kf3 Kc5 49. Rb7 Rxa6 50. Rxg7 d5 51. Rc7+ Kd6 52.
Rg7 Kc5 53. Rc7+ Kd6 54. Rg7 Ra2 55. Rg2 d4 56. cxd4
exd4 57. h6 c3 58. Ke4 1/2-1/2

[Event "Vastgota Open 2022"]
[Site "Skara stadshotell, Jarnvagsgatan 5, Skara, Sweden"]
[Date "2022.10.30"]
[Round "7.9"]
[White "Cederqvist, Niclas"]
[Black "Bellon Lopez, Juan Manuel"]
[Result "0-1"]
[TimeControl "30 minutes + 10 seconds per move from move one."]
[BlackTitle "GM"]
[WhiteFideId "1702076"]
[BlackFideId "2200031"]
[WhiteElo "1883"]
[BlackElo "2347"]

1. d4 Nf6 2. Nf3 c5 3. e3 e6 4.
c4 a6 5.
Nc3 Qc7 6. Be2 d6 7. O-O Nbd7 8. b3 Be7 9. Bb2 O-O 10. Qc2 b6 11. a3 Bb7 12. b4 cxd4 13. exd4 Rac8 14. Nd2 Qb8 15.
f4 Rfe8 16. Rae1 g6 17. Bf3 d5 18. cxd5 Nxd5 19. g3 Qc7 20. Ndb1 a5 21. bxa5 bxa5 22. Qd2 N7b6 23. Nxd5 Nxd5 24.
Rc1 Qb6 25. Nc3 Qb3 26. Bd1 Qb6 27. Bf3 Nxc3 28. Rxc3 Rxc3 29. Qxc3 Rc8 30. Qd2 Qb3 31. Bd1 Qa2 32. Bc1 Qxd2 33.
Bxd2 Bf6 34. Bf3 Bxd4+ 35. Kg2 Bxf3+ 36. Kxf3 a4 37. Bb4 Rc4 38. Rd1 h5 39. h3 Kh7 40. Rd3 Bc5 41. Bxc5 Rxc5 42.
Ke4 Rc4+ 43. Ke5 Kg7 44. g4 hxg4 45. hxg4 f6+ 46. Kxe6 Rxf4 47. Rg3 Kh6 48. g5 fxg5 49. Rh3 Rh4 50. Rg3 Kh5 51. Rc3 Re4+ 52. Kf6 Rf4+ 53.
Kg7 g4 54. Rc6 g3 55. Rxg6 0-1

[Event "Vastgota Open 2022"]
[Site "Skara stadshotell, Jarnvagsgatan 5, Skara, Sweden"]
[Date "2022.10.30"]
[Round "7.10"]
[White "Koski, Viljo"]
[Black "Wengholm, Anders"]
[Result "0-1"]
[TimeControl "30 minutes + 10 seconds per move from move one."]
[WhiteFideId "1717553"]
[BlackFideId "1704818"]
[WhiteElo "1870"]
[BlackElo "2179"]

1. d4 d6 2. c4 e5 3. Nc3 exd4 4. Qxd4 Nc6 5. Qd1 Nf6 6. Nf3 g6 7. Bg5 Bg7 8. Nd5 h6 9. Nxf6+ Bxf6 10.
Bxf6 Qxf6 11. Qd2 Bg4 12. h3 Bxf3 13. exf3 Qd4 14. Qxd4 Nxd4 15. Bd3 O-O 16. O-O Rfe8 17. Rfe1 Rxe1+ 18. Rxe1 Kf8 19. b3 c5 20. f4 a6 21. f3 b5 22. Kf2 b4 23. g4 a5 24. Be2 a4 25. Bd1 axb3 26. axb3 Ra2+ 27.
Ke3 f5 28. h4 h5 29. Rg1 Rh2 30. gxh5 gxh5 31. Rg6 Ke7 32.
Rg7+ Ke6 33. Rg6+ 0-1